 Dungeon Crawl Stone Soup version 0.17-a0-1558-g9d24de5 (webtiles) character file.

174 Leibowitz the Skirmisher (level 5, -1/33 HPs)
             Began as a Kobold Fighter on July 20, 2015.
             Slain by an orc
             ... wielding a +1 mace of crushing
              (8 damage)
             ... on level 4 of the Dungeon.
             The game lasted 00:09:20 (2942 turns).

Leibowitz the Skirmisher (Kobold Fighter)           Turns: 2942, Time: 00:09:20

Health: -1/33      AC:  3    Str: 20    XL:     5   Next: 84%
Magic:  5/5        EV: 13    Int: 11    God:
Gold:   198        SH: 10    Dex: 16    Spells: 0 memorised, 4 levels left

rFire  . . .     SeeInvis .     a - +0 rapier
rCold  . . .     Clarity  .     p - +0 leather armour
rNeg   . . .     SustAt   .     c - +0 shield
rPois  .         Gourm    .     (no helmet)
rElec  .         Spirit   .     (no cloak)
rCorr  .         Warding  .     (no gloves)
rMut   .         Stasis   .     (no boots)
MR     .....                    (no amulet)
Stlth  ++........               (no ring)
                                (no ring)

@: mighty, brilliant, not resistant to hostile enchantments, unstealthy
A: carnivore 3
a: no special abilities


You were on level 4 of the Dungeon.
You were very full.

You visited 1 branch of the dungeon, and saw 4 of its levels.

You collected 198 gold pieces.

Inventory:

Hand weapons
 a - a +0 rapier (weapon)
 b - a +0 blowgun
Missiles
 h - 30 poisoned needles
Armour
 c - a +0 shield (worn)
 p - a +0 leather armour (worn)
Scrolls
 f - 4 scrolls of identify {unknown}
 g - a scroll of enchant weapon {unknown}
 i - 4 scrolls of blinking {unknown}
 j - a scroll of magic mapping {unknown}
 k - 2 scrolls of amnesia {unknown}
 l - a scroll of teleportation {unknown}
 o - 2 scrolls of remove curse {unknown}
 q - a scroll of enchant armour {unknown}
Potions
 d - a potion of might
 m - a potion of brilliance
Comestibles
 e - 4 meat rations
 n - a slice of pizza
 r - a chunk of flesh


   Skills:
 * Level 4.1 Fighting
 * Level 3.8 Short Blades
 + Level 2.6 Armour
 * Level 3.0 Dodging
 * Level 1.7 Stealth
 * Level 3.2 Shields


You had 4 spell levels left.
You didn't know any spells.

Dungeon Overview and Level Annotations

Branches:
Dungeon (4/15)
 Temple: D:4-7

Altars:
Nemelex Xobeh

Annotations:
D:4 Eustachio, Grinder


Innate Abilities, Weirdness & Mutations

You are small and have problems with some larger weapons.
You are carnivorous and can eat meat at any time.


Message History

You suddenly lose the ability to move!
The orc hits you with a mace of crushing.
Grinder gestures.
Grinder blinks!
The orc hits you with a mace of crushing.
You can move again.
An orc priest comes into view. It is wielding a dagger.
You closely miss the orc.
The orc hits you with a mace of crushing.
You barely miss the orc. The orc closely misses you.
Drink which item? (? for menu, Esc to quit)
You feel very mighty all of a sudden.
Grinder gestures.
Grinder blinks!
The orc hits you with a mace of crushing.
* * * LOW HITPOINT WARNING * * *
x2 Drink which item? (? for menu, Esc to quit)
You feel clever all of a sudden.
The orc hits you with a mace of crushing!
You die...

.................
.................
##.(........##.#
##.........# #
.............##.##
..###............[
. #..............
#.####..#.o....
#.#.@o.##......
..#.#### ..... .
... ..... ..#..
.... ## ... o...
.... ####. ##


You could see an orc.

Vanquished Creatures
  Ijyb (D:2)
  9 adders
  3 worms
  A giant gecko (D:2)
  4 giant cockroaches
  5 goblins
  9 hobgoblins
  12 kobolds
  2 quokkas
  A ball python (D:2)
  6 bats
  A giant newt (D:3)
  7 rats
61 creatures vanquished.

Notes
Turn   | Place    | Note
--------------------------------------------------------------
     0 | D:1      | Leibowitz the Kobold Fighter began the quest for the Orb.
     0 | D:1      | Reached XP level 1. HP: 14/14 MP: 1/1
   180 | D:1      | Reached XP level 2. HP: 14/19 MP: 2/2
   590 | D:2      | Reached XP level 3. HP: 23/23 MP: 3/3
   683 | D:2      | Noticed Ijyb
   708 | D:2      | Killed Ijyb
   708 | D:2      | Reached skill level 1 in Dodging
   708 | D:2      | Reached skill level 1 in Stealth
   708 | D:2      | Reached XP level 4. HP: 14/28 MP: 4/4
   928 | D:2      | Found a sparkling altar of Nemelex Xobeh.
  1761 | D:3      | Reached XP level 5. HP: 33/33 MP: 5/5
  1877 | D:3      | HP: 1/33 [adder (1)]
  2238 | D:3      | Reached skill level 4 in Fighting
  2871 | D:4      | Noticed Eustachio
  2928 | D:4      | Noticed Grinder
  2930 | D:4      | Paralysed by Grinder for 6 turns
  2942 | D:4      | Slain by an orc

Vault maps used:
D:1:      minmay_arrival_pointy
D:2:      nemelex_xobeh_ov_fountains_minmay, uniq_iyjb
D:3:      first_bread
D:4:      portal_sewer_entry_a, uniq_eustachio, uniq_grinder, uniq_blork_the_orc

Action                   |  1- 3 |  4- 6 || total
-------------------------+-------+-------++-------
Melee: Rapier            |   107 |   182 ||   289
  Use: Potion            |       |     7 ||     7
 Stab: Sleeping          |       |     2 ||     2
       Distracted        |       |     1 ||     1
  Eat: Chunk             |     8 |     5 ||    13
       Meat ration       |       |     1 ||     1
